 Dungeon Crawl Stone Soup version 0.30.0-17-ge0270778cf (webtiles) character file.

Game seed: 4302915264909352822

1017 zazu2006 the Stinger (level 8, -18/67 HPs)
             Began as a Naga Hedge Wizard on May 21, 2023.
             Was an Initiate of Vehumet.
             Demolished by an ogre
             ... wielding a +0 giant spiked club
              (25 damage)
             ... on level 5 of the Dungeon.
             The game lasted 00:14:48 (5869 turns).

zazu2006 the Stinger (Naga Hedge Wizard)            Turns: 5869, Time: 00:14:49

Health: -18/67     AC:  7    Str: 12    XL:     8   Next: 22%
Magic:  12/15      EV: 10    Int: 20    God:    Vehumet [......]
Gold:   181        SH:  0    Dex: 11    Spells: 10/16 levels left

rFire   . . .        m - staff of poison
rCold   + . .        (no shield)
rNeg    . . .        o - +1 robe {rC+}
rPois   +            s - +0 helmet
rElec   .            c - +0 cloak
rCorr   .            g - +0 pair of gloves
SInv    +            (no barding)
Will    +....        t - amulet "Xoihivip" {RegenMP Int+3}
Stlth   +++          (no ring)
HPRegen 0.31/turn    (no ring)
MPRegen 0.54/turn

%: no passive effects
@: very slow
A: AC +2, large, see invisible, deformed body, poison resistance, slowness 2,
spit poison 1, naga tail 1
a: Spit Poison, Renounce Religion


You were on level 5 of the Dungeon.
You worshipped Vehumet.
Vehumet was noncommittal.
You visited 1 branch of the dungeon, and saw 5 of its levels.

You collected 181 gold pieces.

Inventory:

Hand Weapons
 a - a +0 dagger
Armour
 c - a +0 cloak (worn)
 g - a +0 pair of gloves (worn)
 o - a +1 robe of cold resistance (worn)
 s - a +0 helmet (worn)
 v - a +0 leather armour of cold resistance
Magical Staves
 m - a staff of poison (weapon)
Jewellery
 t - the amulet "Xoihivip" (around neck) {RegenMP Int+3}
   (You found it on level 3 of the Dungeon)

   [amulet of magic regeneration]

   It increases your rate of magic regeneration.
   Int:       It affects your intelligence (+3).
Scrolls
 i - 2 scrolls of teleportation {unknown}
 k - a scroll of fear
 p - a scroll of noise
 q - 2 scrolls of vulnerability
 r - a scroll of butterflies
 u - a scroll of identify
 w - a scroll of silence {unknown}
 x - a scroll of torment {unknown}
 y - 2 scrolls of fog {unknown}
Potions
 b - 3 potions of ambrosia {unknown}
 d - a potion of magic
 e - a potion of cancellation {unknown}
 f - 5 potions of curing {unknown}
 h - 3 potions of lignification {unknown}
 j - 2 potions of might {unknown}
 l - 3 potions of heal wounds {unknown}
 n - 2 potions of degeneration {unknown}
 z - a potion of brilliance {unknown}


   Skills:
 + Level 2.0 Fighting
 + Level 3.8 Staves
 + Level 3.1 Dodging
 + Level 5.2 Stealth
 + Level 4.6 Spellcasting
 + Level 2.9 Conjurations
 + Level 1.0 Summonings
 + Level 1.0 Translocations
 + Level 1.1 Air Magic
 + Level 5.3 Poison Magic


You had 10 spell levels left.
You knew the following spells:

 Your Spells              Type           Power      Damage    Failure   Level
a - Magic Dart            Conj           64%        1d6       3%          1
b - Mephitic Cloud        Conj/Pois/Air  25%        N/A       10%         3
d - Blink                 Tloc           16%        N/A       12%         2

Your spell library contained the following spells:

 Spells                   Type           Power      Damage    Failure   Level
 Summon Small Mammal      Summ           32%        N/A       8%          1
 Cigotuvi's Dreadful Rot  Necr/Pois/Air  38%        N/A       8%          2
 Slow                     Hex            16%        N/A       12%         1
 Call Imp                 Summ           16%        N/A       12%         2
 Lesser Beckoning         Tloc           16%        N/A       12%         2
 Spider Form              Tmut/Pois      23%        N/A       12%         3
 Ensorcelled Hibernation  Hex/Ice        8%         N/A       19%         2
 Call Canine Familiar     Summ           8%         N/A       24%         3
 Gell's Gravitas          Tloc           8%         N/A       24%         3
 Teleport Other           Tloc           8%         N/A       24%         3
 Summon Guardian Golem    Hex/Summ       6%         N/A       28%         3
 Anguish                  Hex/Necr       2%         N/A       77%         4


Dungeon Overview and Level Annotations

Branches:
Dungeon (5/15)             Temple (0/1) D:5

Altars:
Cheibriados
Okawaru
Vehumet
Wu Jian
Xom
Yredelemnul
The Shining One

Shops:
D:4 :


Innate Abilities, Weirdness & Mutations

Your serpentine skin is tough. (AC +2)
You have supernaturally acute eyesight. (SInv)
Armour fits poorly on your strangely shaped body.
Your system is resistant to poisons. (rPois)
You cover ground very slowly.
You can spit poison.
You have a snake-like lower body.


Message History

You hit the jelly.
You kill the jelly!
Vehumet accepts your kill.
Really slither into a travel-excluded area?
Okay, then.
Okay, then.
You start resting.
HP restored.
You climb downwards.
The ogre hits you with a +0 giant spiked club!!
There is a stone staircase leading up, spattered with blood here.
Casting: Mephitic Cloud (dangerous; 10% risk of failure)
Confirm with . or Enter, or press ? or * to list all spells.
Aiming: Mephitic Cloud (dangerous; 10% risk of failure)
Press: ? - help, Shift-Dir - straight line, f - ogre
Aim: an ogre, wielding a +0 giant spiked club (lightly wounded, chance to affect: 77%)
You feel a surge of power!
The ball explodes into a vile cloud!
The stinking cloud engulfs the ogre but does no damage.
The ogre is lightly wounded.
The stinking cloud engulfs you but does no damage.
You hear a shout!
The ogre is engulfed in noxious fumes.
The ogre hits you with a +0 giant spiked club!!
* * * LOW HITPOINT WARNING * * *
You hit the ogre.
The ogre is lightly wounded.
The ogre hits you with a +0 giant spiked club!
* * * LOW HITPOINT WARNING * * *
Casting: Mephitic Cloud (dangerous; 10% risk of failure)
Confirm with . or Enter, or press ? or * to list all spells.
Aiming: Mephitic Cloud (dangerous; 10% risk of failure)
Press: ? - help, Shift-Dir - straight line, f/p - ogre
Aim: an ogre, wielding a +0 giant spiked club (lightly wounded, chance to affect: 77%)
You feel a surge of power!
The ball explodes into a vile cloud!
The stinking cloud engulfs the ogre but does no damage.
The ogre is lightly wounded.
The stinking cloud engulfs you but does no damage.
The ogre attacks as you move away!
The ogre hits you with a +0 giant spiked club!!
You die...

...............
........................
.........................
..........................
..........................
..........................
...........................
..........@○...............
.........§O°......†........
##.8.#......°.....####......
#..........°....### #...)..
#8.>.8.......#...### #......
#.........######...###..#...
.8.##...# ###...#...#..
##.##..## ##.####..##
#.....# ##.# #.


You could see an ogre.

Vanquished Creatures
  A black bear (D:4)
  An ogre (D:3)
  A centaur (D:5)
  A hound (D:4)
  4 jellies
  6 orc priests
  A sleepcap (D:4)
  Crazy Yiuf (D:2)
  Jessica (D:2)
  An iguana (D:4)
  2 orc wizards
  Robin (D:2)
  7 gnolls
  8 adders
  6 worms
  2 dart slugs (D:1)
  17 orcs
  7 endoplasms
  3 giant cockroaches
  20 goblins
  7 hobgoblins
  2 jackals (D:1)
  12 kobolds
  3 quokkas
  2 ball pythons (D:1)
  5 bats
  A frilled lizard (D:1)
  7 rats
130 creatures vanquished.

Notes
Turn   | Place    | Note
-------+----------+-------------------------------------------
     0 | D:1      | zazu2006 the Naga Hedge Wizard began the quest for the Orb.
     0 | D:1      | Reached XP level 1. HP: 15/15 MP: 4/4
   162 | D:1      | Reached XP level 2. HP: 22/22 MP: 1/6
   779 | D:1      | Reached XP level 3. HP: 28/28 MP: 4/7
   967 | D:1      | Found a faded altar of an unknown god.
  1041 | D:1      | Learned a level 3 spell: Mephitic Cloud
  1044 | D:1      | Learned a level 2 spell: Blink
  1802 | D:2      | Noticed Jessica
  1807 | D:2      | Killed Jessica
  1808 | D:2      | Reached XP level 4. HP: 36/36 MP: 4/9
  1915 | D:2      | Reached skill level 1 in Poison Magic
  2029 | D:2      | Reached XP level 5. HP: 42/42 MP: 7/11
  2299 | D:2      | Reached skill level 1 in Staves
  2499 | D:2      | Noticed Robin
  2518 | D:2      | Killed Robin
  2829 | D:2      | Found a runed translucent door.
  2830 | D:2      | Noticed Crazy Yiuf
  2970 | D:2      | Killed Crazy Yiuf
  3100 | D:3      | Reached XP level 6. HP: 46/50 MP: 5/12
  3384 | D:3      | Reached skill level 1 in Fighting
  3453 | D:3      | Identified the amulet "Xoihivip" {RegenMP Int+3}
  3481 | D:3      | Found an iron altar of Okawaru.
  3735 | D:3      | Found a snail-covered altar of Cheibriados.
  3760 | D:3      | Reached XP level 7. HP: 54/57 MP: 13/13
  4156 | D:4      | Found a basalt altar of Yredelemnul.
  4319 | D:4      | Found Usisu's Book Shop.
  4595 | D:4      | Found a radiant altar of Vehumet.
  4608 | D:4      | Became a worshipper of Vehumet
  4784 | D:3      | Found a shimmering altar of Xom.
  4784 | D:3      | Found a glowing golden altar of the Shining One.
  4926 | D:4      | Reached skill level 5 in Stealth
  5270 | D:4      | Found an ornate altar of the Wu Jian Council.
  5375 | D:5      | Entered Level 5 of the Dungeon
  5436 | D:5      | Found a staircase to the Ecumenical Temple.
  5528 | D:5      | Reached XP level 8. HP: 21/67 MP: 9/14
  5535 | D:5      | Reached skill level 1 in Air Magic
  5798 | D:5      | Reached skill level 5 in Poison Magic
  5869 | D:5      | Demolished by an ogre

Illustrated notes

Levels and vault maps discovered:
D:1:      dpeg_arrival_ternary, layout_basic, hellmonk_ecumenical_altar_zigzags,
          grunt_decor_resistance
D:2:      cheibrodos_helix_gallery, layout_rooms, nicolae_grassy_gnolls,
          uniq_crazy_yiuf_cottage, uniq_robin, uniq_jessica
D:3:      layout_rooms, slow_altar_1, nicolae_overflow_hidden_temple,
          portal_sewer_entry_d
D:4:      cheibrodos_pilgrimage, layout_layer_cave,
          pdpol_wu_jian_five_deadly_venoms, fiery_altar_vehumet,
          yredelemnul_altar_generic, serial_shops, shop
D:5:      layout_layer_cave, minmay_temple_entry_statues_pillars

Skill      XL: |  1  2  3  4  5  6  7  8 |
---------------+-------------------------+-----
Stealth        | 4 5 |  5.2
Spellcasting   | 4 |  4.6
Poison Magic   | 1 2 4 5 |  5.3
Conjurations   | 2 |  2.9
Staves         | 1 2 3 |  3.8
Dodging        | 2 3 |  3.1
Fighting       | 1 2 |  2.0
Air Magic      | 1 |  1.1
Summonings     | |  1.0
Translocations | |  1.0

Action                     |  1- 3 |  4- 6 |  7- 9 || total
---------------------------+-------+-------+-------++-------
  Melee: Dagger            |     3 |       |       ||     3
         Staff             |    18 |   199 |   163 ||   380
         Punch             |       |     1 |     3 ||     4
   Cast: Magic Dart        |    72 |    56 |    35 ||   163
         Mephitic Cloud    |       |     7 |    14 ||    21
Ability: Spit Poison       |    20 |    28 |    22 ||    70
    Use: Scroll            |       |     4 |       ||     4
   Stab: Confused          |       |     1 |     2 ||     3
 Armour: Robe              |     3 |    76 |    72 ||   151
  Dodge: Dodged            |    15 |   110 |   101 ||   226
